 Dungeon Crawl Stone Soup version 0.30-a0-916-g9813417 (webtiles) character file.

Game seed: 3649220221564561847

205 Nithhogg the Chopper (level 5, 0/44 (47) HPs)
             Began as a Hill Orc Fighter on Mar 23, 2023.
             Slain by a wight
             ... wielding a +0 battleaxe
              (1 damage)
             ... on level 4 of the Dungeon.
             The game lasted 00:04:17 (2904 turns).

Nithhogg the Chopper (Hill Orc Fighter)             Turns: 2904, Time: 00:04:18

HP:   0/44 (47)     AC:  7    Str: 21    XL:     5   Next: 83%
MP:   5/5           EV:  6    Int:  8    God:
Gold: 183           SH:  0    Dex: 10    Spells: 4/4 levels left

rFire   . . .      SeeInvis .    a - +0 war axe
rCold   . . .      Faith    .    (no shield)
rNeg    . . .      Spirit   .    b - +0 scale mail
rPois   .          Reflect  .    (no helmet)
rElec   .          Rampage  .    (no cloak)
rCorr   .                        (no gloves)
Will    .....                    (no boots) Stlth
                                 (no amulet)
HPRegen 0.27/turn                (no ring)
MPRegen 0.09/turn                (no ring)

@: about to teleport, constricted, drained
A: no striking features
a: no special abilities


You were on level 4 of the Dungeon.
You visited 1 branch of the dungeon, and saw 4 of its levels.

You collected 183 gold pieces.

Inventory:

Hand Weapons
 a - a +0 war axe (weapon)
Armour
 b - a +0 scale mail (worn)
 c - a +0 buckler
Scrolls
 g - 2 scrolls of magic mapping {unknown}
 l - a scroll of enchant weapon {unknown}
 m - a scroll of butterflies {unknown}
 o - a scroll of vulnerability {unknown}
 p - 2 scrolls of identify
Potions
 d - a potion of might
 e - a potion of lignification {unknown}
 f - 2 potions of magic {unknown}
 i - a potion of resistance
 k - 3 potions of flight {unknown}
 n - a potion of mutation {unknown}


   Skills:
 + Level 4.7 Fighting
 * Level 5.7 Axes
 + Level 4.4 Armour
 - Level 3.2 Shields
 + Level 1.2 Invocations


You had 4 spell levels left.
You didn't know any spells.
Your spell library was empty.

Dungeon Overview and Level Annotations

Branches:
Dungeon (4/15)
 Temple: D:4-7

Altars:


Message History

The wight attacks as you move away! The wight hits you but does no damage.
The wight attacks as you move away! The wight hits you with a +0 battleaxe!
The wight attacks as you move away! The wight hits you with a +0 dagger.
The wight attacks as you move away! The wight hits you with a +0 battleaxe!
You see here a +0 leather armour.
The wight attacks as you move away! The wight hits you with a +0 battleaxe!
The wight attacks as you move away! The wight hits you with a +0 battleaxe!
* * * LOW HITPOINT WARNING * * *
Okay, then.
You are confused.
You feel invigorated. The wight barely misses you.
The wight attacks as you move away! The wight hits you with a +0 battleaxe.
* * * LOW HITPOINT WARNING * * *
You feel drained.
* * * LOW HITPOINT WARNING * * *
The ball python bites you but does no damage.
The ball python grabs you. The ball python constricts you.
The wight hits you with a +0 battleaxe.
* * * LOW HITPOINT WARNING * * *
You're too confused to move!
The ball python barely misses you. The ball python constricts you.
The ball python's grasp on you weakens, but your attempt to escape fails.
The ball python barely misses you. The ball python constricts you.
The wight barely misses you. x2
You bump into the rock wall.
You feel less invigorated.
You feel less confused.
The ball python bites you but does no damage.
The ball python constricts you. The ball python closely misses you.
The ball python constricts you. The wight hits you with a +0 battleaxe!
* * * LOW HITPOINT WARNING * * *
You feel drained.
* * * LOW HITPOINT WARNING * * *
The wight hits you but does no damage.
As you read the scroll of teleportation, it crumbles to dust.
You feel strangely unstable. The ball python bites you.
* * * LOW HITPOINT WARNING * * *
The ball python constricts you. The wight hits you with a +0 battleaxe.
* * * LOW HITPOINT WARNING * * *
You feel drained.
You die...

####### ######.....#
#..........#
#..........#
###..........###########
?...=........zz@....$...
#.......[..zSz.######
#..........###..#
#..........# ##.####
#.....###### #....###
#../..# ####...# #.....#
###.# #............ #.##
####......... #..#


You could see 4 wights and a ball python.

Vanquished Creatures
  A hound (D:4)
  Robin (D:2)
  4 adders (D:3)
  2 worms
  3 dart slugs
  8 orcs (D:3)
  12 endoplasms
  6 giant cockroaches
  14 goblins
  14 hobgoblins
  5 jackals (D:1)
  10 kobolds
  A quokka (D:3)
  5 ball pythons
  7 bats
  4 frilled lizards
  2 rats
99 creatures vanquished.

Vanquished Creatures (others)
  6 plants (D:1)
6 creatures vanquished.

Grand Total: 105 creatures vanquished

Notes
Turn   | Place    | Note
-------+----------+-------------------------------------------
     0 | D:1      | Nithhogg the Hill Orc Fighter began the quest for the Orb.
     0 | D:1      | Reached XP level 1. HP: 19/19 MP: 1/1
   166 | D:1      | Reached skill level 3 in Axes
   192 | D:1      | Reached XP level 2. HP: 8/27 MP: 2/2
   372 | D:1      | Found a faded altar of an unknown god.
   500 | D:1      | Reached XP level 3. HP: 27/33 MP: 3/3
   651 | D:1      | Reached skill level 4 in Axes
  1481 | D:2      | Reached XP level 4. HP: 40/40 MP: 4/4
  1536 | D:2      | Noticed Robin
  1544 | D:2      | Killed Robin
  2227 | D:3      | Reached skill level 5 in Axes
  2281 | D:3      | Reached XP level 5. HP: 42/47 MP: 5/5
  2869 | D:4      | Reached skill level 1 in Invocations
  2899 | D:4      | HP: 1/46 [wight/+0 battleaxe (2)]
  2904 | D:4      | HP: 1/45 [wight/+0 battleaxe (3)]
  2904 | D:4      | Slain by a wight

Illustrated notes

Levels and vault maps discovered:
D:1:      elethiomel_arrival_infinity_welcomes_careful_drivers, layout_basic,
          shapermc_ecumenical_altar_mp_ritualfount
D:2:      layout_basic, uniq_robin
D:3:      minmay_diamond_boxcup, layout_rooms
D:4:      layout_basic

Skill      XL: |  1  2  3  4  5 |
---------------+----------------+-----
Axes           | 3 4 5 |  5.7
Fighting       | 4 |  4.7
Armour         | 4 |  4.4
Invocations    | 1 |  1.2
Shields        | |  3.2

Action                     |  1- 3 |  4- 6 || total
---------------------------+-------+-------++-------
  Melee: War axe           |   129 |   149 ||   278
         Punch             |     3 |     2 ||     5
    Use: Scroll            |       |     4 ||     4
         Potion            |       |     2 ||     2
 Armour: Scale mail        |    89 |    93 ||   182
  Dodge: Dodged            |    63 |    78 ||   141

Table legend: (Time is in decaauts)
 A = Elapsed time spent in this place.
 B = Non-inter-level travel time spent in this place.
 C = Inter-level travel time spent in this place.
 D = Time resting spent in this place.
 E = Time spent auto-exploring this place.
 F = Levels seen in this place.
 G = Mean time per level.
                   A        B        C        D        E       F      G
               +--------+--------+--------+--------+--------+-----+--------+
         Total |   2980 |   2902 |     78 |      0 |   2288 |   4 |  745.0 |
       Dungeon |   2980 |   2902 |     78 |      0 |   2288 |   4 |  745.0 |
               +--------+--------+--------+--------+--------+-----+--------+

Top non-repeatable levels by time:
     D:1: 1142 daAuts
     D:2: 1022 daAuts
     D:3: 721 daAuts
     D:4: 93 daAuts
